 Dungeon Crawl Stone Soup version 0.24-a0-201-gf205589 (webtiles) character file.

Game seed: 5464065354872961834

45 mhoghedin the Skirmisher (level 3, 4/24 HPs)
             Began as a Kobold Fighter on Mar 25, 2019.
             Quit the game on level 2 of the Dungeon.
             The game lasted 00:01:38 (1152 turns).

mhoghedin the Skirmisher (Kobold Fighter)           Turns: 1152, Time: 00:01:39

Health: 4/24       AC:  6    Str: 14    XL:     3   Next: 90%
Magic:  3/3        EV:  9    Int:  9    God:
Gold:   80         SH:  9    Dex: 14    Spells: 2/2 levels left

rFire    . . .     SeeInvis .   a - +0 flail
rCold    . . .     Gourm    .   c - +0 shield
rNeg     . . .     Faith    .   b - +0 scale mail
rPois    .         Spirit   .   (no helmet)
rElec    .         Reflect  .   (no cloak)
rCorr    .         Harm     .   (no gloves)
MR       .....                  (no boots)
Stlth    ..........             (no amulet)
HPRegen  0.08/turn              (no ring)
MPRegen  0.08/turn              (no ring)

@: lethally poisoned (4 -> 0)
A: small, carnivore
a: no special abilities


You were on level 2 of the Dungeon.
You were not hungry.

You visited 1 branch of the dungeon, and saw 2 of its levels.

You collected 80 gold pieces.

Inventory:

Hand Weapons
 a - a +0 flail (weapon)
Armour
 b - a +0 scale mail (worn)
 c - a +0 shield (worn)
Scrolls
 e - 2 scrolls of teleportation {unknown}
 g - a scroll of remove curse {unknown}
 h - 3 scrolls of identify {unknown}
 j - a scroll of enchant armour {unknown}
 k - a scroll of magic mapping {unknown}
Potions
 d - a potion of might
 f - 2 potions of lignification {unknown}
 i - a potion of heal wounds {unknown}


   Skills:
 + Level 3.6 Fighting
 + Level 2.2 Maces & Flails
 + Level 2.7 Armour
 + Level 1.4 Dodging
 + Level 2.7 Shields


You had 2 spell levels left.
You didn't know any spells.
Your spell library was empty.

Dungeon Overview and Level Annotations

Branches:
Dungeon (2/15)

Altars:


Innate Abilities, Weirdness & Mutations

You are small and have problems with some larger weapons.
You are carnivorous and can eat meat at any time.


Message History

No target in view!
No target in view!
No target in view!
No target in view!
No target in view!
No target in view!
No target in view!
No target in view!
No target in view!
No target in view!
No target in view!
No target in view!
No target in view!
No target in view!
No target in view!
Things that are here:
a cursed -3 dagger; a goblin corpse
f - 2 blue potions You now have 80 gold pieces (gained 5).
A hobgoblin comes into view. It is wielding a +0 club.
The hobgoblin shouts!
A hobgoblin is nearby!
You hit the hobgoblin. You block the hobgoblin's attack.
You closely miss the hobgoblin.
The hobgoblin hits you but does no damage.
You block the hobgoblin's attack.
You hit the hobgoblin but do no damage. You block the hobgoblin's attack.
You hit the hobgoblin.
The hobgoblin hits you but does no damage.
You closely miss the hobgoblin. You block the hobgoblin's attack.
You closely miss the hobgoblin.
The hobgoblin hits you with a +0 club. x2
You take 4 damage, and have 19/23 hp.
You hit the hobgoblin. The hobgoblin closely misses you.
You hit the hobgoblin but do no damage. You block the hobgoblin's attack.
You closely miss the hobgoblin.
The hobgoblin hits you but does no damage.
You sock the hobgoblin!
You kill the hobgoblin!
No target in view!
No target in view!
No target in view!
No target in view!
No target in view!
No target in view!
No target in view!
An adder comes into view.
You see here 14 gold pieces.
An adder is nearby!
An adder is nearby!
An adder and a hobgoblin come into view.
The adder hisses angrily.
The hobgoblin shouts!
You block the adder's attack. x2; The adder closely misses you.
You see here a ration.
You miss the adder. You block the adder's attack. The adder misses you.
You block the adder's attack. The adder bites you but does no damage.
You thump the adder! You block the adder's attack. The adder barely misses you.
The hobgoblin hits you but does no damage.
You closely miss the adder. The adder bites you but does no damage.
The adder barely misses you.
The hobgoblin hits you but does no damage.
The adder closely misses you. You block the adder's attack.
You closely miss the adder. You block the adder's attack.
The adder bites you but does no damage. The hobgoblin barely misses you.
The adder completely misses you. The adder bites you.
The hobgoblin hits you but does no damage.
You sock the adder!
You kill the adder!
You block the adder's attack.
The hobgoblin hits you but does no damage.
The adder closely misses you.
You hit the adder but do no damage. The adder bites you but does no damage.
The hobgoblin hits you.
You sock the adder! You block the adder's attack.
You block the hobgoblin's attack. You block the adder's attack.
The hobgoblin hits you.
You completely miss the adder. The adder bites you.
You are poisoned.
The adder poisons you! The hobgoblin hits you. The adder bites you.
You take 10 damage, and have 11/23 hp.
MASSIVE DAMAGE!!
You closely miss the adder.
You feel sick. The adder bites you but does no damage.
You block the hobgoblin's attack. The adder bites you but does no damage.
You take 1 damage, and have 10/23 hp.
You closely miss the adder.
You feel sick. The hobgoblin barely misses you.
The adder bites you but does no damage. The hobgoblin barely misses you.
The adder barely misses you.
You take 1 damage, and have 9/23 hp.
You closely miss the adder. The adder barely misses you.
The hobgoblin hits you.
You take 2 damage, and have 7/23 hp.
You hit the adder.
You kill the adder!
You block the hobgoblin's attack. The hobgoblin hits you.
* * * LOW HITPOINT WARNING * * *
You take 3 damage, and have 4/24 hp.
Unknown command.
Okay, then.
Unknown command.
Welcome back, mhoghedin the Kobold Fighter.

###.#####[..#..#.....#..#
##...#..#.....#..#
#...###.##...##..#
#...#?#..#...#.).#
#..##.##.##.##...#
#..#... ..#.#....#
#.##...##.###....#
#.#....†#..#.....#
#.#...g@#..#.....#
#........$....#..#
###..#######.###.# ##
#.## ##.# ..# #.# ### ##


You could see a hobgoblin.

Vanquished Creatures
  2 adders (D:2)
  7 bats (D:1)
  A giant cockroach (D:1)
  2 goblins
  7 hobgoblins
  3 kobolds (D:1)
  A rat (D:1)
23 creatures vanquished.

Notes
Turn   | Place    | Note
-------+----------+-------------------------------------------
     0 | D:1      | mhoghedin the Kobold Fighter began the quest for the Orb.
     0 | D:1      | Reached XP level 1. HP: 14/14 MP: 1/1
    25 | D:1      | HP: 2/14 [goblin (3)]
   373 | D:1      | Reached XP level 2. HP: 16/19 MP: 2/2
   461 | D:1      | Reached skill level 2 in Maces & Flails
   620 | D:1      | Reached skill level 1 in Dodging
   652 | D:1      | Reached XP level 3. HP: 23/23 MP: 3/3
  1151 | D:2      | HP: 4/24 [hobgoblin (3)]
  1152 | D:2      | Quit the game

Levels and vault maps discovered:
D:1:      scummos_arrival_forest, layout_basic
D:2:      layout_loops_ring, old_standard_altar, minmay_unequal

Skill      XL: |  1  2 |
---------------+-------+-----
Maces & Flails | 2 |  2.2
Dodging        | 1 |  1.4
Fighting       | |  3.6
Armour         | |  2.7
Shields        | |  2.7

Action                   || total
-------------------------++-------
Melee: Flail             ||   107
  Eat: Ration            ||     1
Armor: Scale mail        ||    68
Dodge: Dodged            ||    40
Block: Shield            ||    85

Table legend:
 A = Non-vault XP
 B = Vault XP
 C = Vault XP percentage of total XP
 D = Non-vault monster count
 E = Vault monster count
 F = Vault count percentage of total count
                 A         B        C        D         E       F
            +---------+---------+-------+---------+---------+-------
      Total |      38 |      27 |  41.5 |      21 |       2 |   8.7
            +---------+---------+-------+---------+---------+-------
        D:1 |      35 |       0 |   0.0 |      19 |       0 |   0.0
        D:2 |       3 |      27 |  90.0 |       2 |       2 |  50.0
            +---------+---------+-------+---------+---------+-------

Levels and vault maps discovered:
D:1:      scummos_arrival_forest, layout_basic
D:2:      layout_loops_ring, old_standard_altar, minmay_unequal

Table legend:
 A = Turns spent in this place as a percentage of turns spent in the entire game.
 B = Non-inter-level travel turns spent in this place as a percentage of non-inter-level travel turns spent in the entire game.
 C = Inter-level travel turns spent in this place as a percentage of turns spent in this place.
 D = Turns resting spent in this place as a percentage of non-inter-level travel turns spent in this place.
 E = Turns spent auto-exploring this place as a percentage of non-inter-level travel turns spent in this place.
 F = Non-inter-level travel turns spent in this place divided by the number of levels of this place that you've seen.
                   A       B       C       D       E      F
               +-------+-------+-------+-------+-------+----------------------
         Total | 100.0 | 100.0 |   1.1 |  33.5 |  49.9 | 569.5
       Dungeon | 100.0 | 100.0 |   1.1 |  33.5 |  49.9 | 569.5
               +-------+-------+-------+-------+-------+----------------------

Table legend:
 A = Kills in this place as a percentage of kills in entire the game.
 B = Kills by you in this place as a percentage of kills by you in the entire game.
 C = Kills by friends in this place as a percentage of kills by friends in the entire game.
 D = Other kills in this place as a percentage of other kills in the entire game.
 E = Experience gained in this place as a percentage of experience gained in the entire game.
 F = Experience gained in this place divided by the number of levels of this place that you have seen.
                   A       B       C       D       E      F
               +-------+-------+-------+-------+-------+----------------------
         Total | 100.0 | 100.0 |   N/A |   N/A | 100.0 |  32.5
       Dungeon | 100.0 | 100.0 |   N/A |   N/A | 100.0 |  32.5
               +-------+-------+-------+-------+-------+----------------------
